 Dungeon Crawl Stone Soup version 0.26.1-2-gb8aa6d0cf2 (webtiles) character file.

Game seed: 16774602609702857033

78 TheGreatAnchovy the Sneak (level 4, -3/30 HPs)
             Began as an Octopode Brigand on Mar 27, 2021.
             Killed from afar by an orc wizard (11 damage)
             ... with a magic dart
             ... on level 4 of the Dungeon.
             The game lasted 00:08:28 (2857 turns).

TheGreatAnchovy the Sneak (Octopode Brigand)        Turns: 2857, Time: 00:08:29

Health: -3/30      AC:  1    Str: 11    XL:     4   Next: 36%
Magic:  4/4        EV: 13    Int: 13    God:
Gold:   78         SH:  0    Dex: 13    Spells: 3/3 levels left

rFire    . . .     SeeInvis .   u - +0 dagger (flame)
rCold    . . .     Faith    .   (no shield)
rNeg     . . .     Spirit   .   (helmet restricted)
rPois    .         Reflect  .   f - amulet of the acrobat
rElec    .         Harm     .   (no ring)
rCorr    .         Rampage  .   (no ring)
Will     .....                  (no ring)
Stlth    ++++......             (no ring)
HPRegen  0.10/turn              (no ring)
MPRegen  0.09/turn              (no ring)
                                (no ring)
                                (no ring)

@: no status effects
A: almost no armour, stealthy swim, amphibious, 8 rings, constrict 8, camouflage
1, gelatinous body 1
a: no special abilities


You were on level 4 of the Dungeon.
You visited 1 branch of the dungeon, and saw 4 of its levels.

You collected 78 gold pieces.

Inventory:

Hand Weapons
 a - a +2 dagger
 u - a +0 dagger of flaming (weapon)
Missiles
 b - 8 poisoned darts (quivered)
 c - 2 curare-tipped darts
Armour
 s - a +0 barding
Jewellery
 f - an amulet of the acrobat (around mantle)
Scrolls
 h - 2 scrolls of fear {unknown}
 i - 2 scrolls of identify {unknown}
 j - a scroll of fog {unknown}
 l - a scroll of remove curse {unknown}
 m - 2 scrolls of teleportation {unknown}
 n - a scroll of enchant armour {unknown}
 q - a scroll of immolation {unknown}
 t - a scroll of random uselessness {unknown}
 v - 2 scrolls of enchant weapon {unknown}
Potions
 d - 2 potions of degeneration {unknown}
 e - 5 potions of curing {unknown}
 g - a potion of invisibility {unknown}
 k - 2 potions of lignification {unknown}
 o - a potion of mutation {unknown}
 p - a potion of magic {unknown}
 r - a potion of heal wounds {unknown}


   Skills:
 + Level 2.6 Fighting
 * Level 3.1 Short Blades
 - Level 2.0 Throwing
 + Level 2.0 Dodging
 + Level 5.9 Stealth


You had 3 spell levels left.
You didn't know any spells.
Your spell library was empty.

Dungeon Overview and Level Annotations

Branches:
Dungeon (4/15)
 Temple: D:4-7

Altars:
Fedhas
Vehumet
Xom
Zin


Innate Abilities, Weirdness & Mutations

You cannot wear most types of armour.
You are very stealthy in the water. (Stealth+)
You are amphibious.
You can wear up to eight rings at the same time.
You can use your tentacles to constrict eight enemies at once.
Your skin changes colour to match your surroundings (Stealth+).
Your rubbery body absorbs attacks. (AC +1, EV +1)


Message History

You constrict the orc priest.
You hear a shout!
You hit the orc priest. You burn the orc priest. You squeeze the orc priest.
The orc priest is heavily wounded.
You constrict the orc priest.
The orc priest calls down the wrath of Beogh upon you.
Beogh smites you!
Ouch! That really hurt!
You hit the orc priest. You burn the orc priest.
The orc priest is almost dead.
You constrict the orc priest, but do no damage.
An orc wizard comes into view. It is wielding a +0 dagger.
The orc priest hits you with a +0 flail.
* * * LOW HITPOINT WARNING * * *
You hit the orc priest but do no damage.
The orc priest is almost dead.
You constrict the orc priest, but do no damage.
The orc wizard gestures at you while chanting.
The magic dart hits you!
You die...

...... . .. ..#### #...
#.### #..(.# .#.###
....# #..... .....#...o.
..##.# ###..(. ...#
#..#.# #....####...
#....< ##[...#....#
#.#.... #...####..##.###
..####.##.....#.@o..o...
#..# #..#.....#)##....##
##.###...#.....)# ##...
#...###........# .
###.####.#..[..#
#............#
######$......# #...(.$.#
#..######


You could see an orc priest, an orc wizard and an orc.

Vanquished Creatures
  2 oozes
  3 worms
  3 dart slugs
  4 orcs
  5 bats
  A giant cockroach (D:2)
  10 hobgoblins
  5 kobolds
  A ball python (D:4)
  7 frilled lizards
  4 goblins
  A leopard gecko skeleton (D:4)
  7 rats
53 creatures vanquished.

Vanquished Creatures (others)
  4 fungi (D:2)
  2 plants (D:2)
6 creatures vanquished.

Grand Total: 59 creatures vanquished

Notes
Turn   | Place    | Note
-------+----------+-------------------------------------------
     0 | D:1      | TheGreatAnchovy the Octopode Brigand began the quest for
                  | the Orb.
     0 | D:1      | Reached XP level 1. HP: 14/14 MP: 1/1
   396 | D:1      | Reached XP level 2. HP: 15/19 MP: 2/2
   929 | D:1      | Reached XP level 3. HP: 24/24 MP: 3/3
  1222 | D:2      | Noticed an angel
  1225 | D:2      | Found a shimmering altar of Xom.
  1225 | D:2      | Found a glowing silver altar of Zin.
  1585 | D:2      | Found a blossoming altar of Fedhas.
  1586 | D:2      | Found a radiant altar of Vehumet.
  2045 | D:3      | Reached XP level 4. HP: 30/30 MP: 4/4
  2857 | D:4      | Killed from afar by an orc wizard

Illustrated notes

Levels and vault maps discovered:
D:1:      heliophobic_arrival_glass_houses, layout_loops_corners
D:2:      layout_rooms, grunt_temple_overflow_order_and_chaos_1, fedhas_altar_3,
          vehumet_crystals
D:3:      layout_basic
D:4:      black_bear_nest_2, layout_rooms, small_statue_intersection,
          hangedman_decor_push

Skill      XL: |  1  2  3  4 |
---------------+-------------+-----
Short Blades   | 3 |  3.1
Dodging        | 2 |  2.0
Fighting       | |  2.6
Throwing       | |  2.0
Stealth        | |  5.9

Action                   |  1- 3 |  4- 6 || total
-------------------------+-------+-------++-------
Melee: Dagger            |    83 |    28 ||   111
       Constrict         |    21 |     6 ||    27
       Tentacles         |    14 |     3 ||    17
 Stab: Sleeping          |    11 |     4 ||    15
Armor: Skin              |     7 |     2 ||     9
Dodge: Dodged            |    95 |    14 ||   109
